 Dungeon Crawl Stone Soup version 0.22-a0-570-g58866f5 (webtiles) character file.

53 iamserjio the Skirmisher (level 3, 0/24 HPs)
             Began as a Gargoyle Fighter on June 30, 2018.
             Slain by an ogre
             ... wielding a +0 giant club
              (24 damage)
             ... on level 4 of the Dungeon.
             The game lasted 00:03:25 (534 turns).

iamserjio the Skirmisher (Gargoyle Fighter)          Turns: 534, Time: 00:03:25

Health: 0/24       AC: 14    Str: 24    XL:     3   Next: 87%
Magic:  3/3        EV:  7    Int:  8    God:
Gold:   108        SH:  9    Dex: 10    Spells: 2/2 levels left

rFire    . . .     SeeInvis .   a - +0 war axe
rCold    . . .     Gourm    .   c - +0 shield
rNeg     + . .     Faith    .   b - +0 scale mail
rPois    ∞         Spirit   .   (no helmet)
rElec    +         Reflect  .   g - +2 cloak {MR+}
rCorr    .         Harm     .   n - +0 pair of gloves
MR       +....                  (no boots)
Stlth    ..........             (no amulet)
HPRegen  0.08/turn              (no ring)
MPRegen  0.08/turn              (no ring)

@: mighty
A: negative energy resistance 1, electricity resistance, unbreathing,
petrification resistance, rot immunity, AC +3
a: no special abilities


You were on level 4 of the Dungeon.
You were not hungry.

You visited 1 branch of the dungeon, and saw 4 of its levels.

You collected 108 gold pieces.

Inventory:

Hand Weapons
 a - a +0 war axe (weapon)
 k - a +0 hand axe of electrocution
Armour
 b - a +0 scale mail (worn)
 c - a +0 shield (worn)
 g - a +2 cloak of magic resistance (worn)
 n - a +0 pair of gloves (worn)
Scrolls
 i - 2 scrolls of identify {unknown}
 j - a scroll of amnesia {unknown}
 l - 2 scrolls of teleportation {unknown}
 m - a scroll of remove curse {unknown}
Potions
 e - a potion of lignification {unknown}
 h - 3 potions of curing {unknown}
Comestibles
 f - 2 rations


   Skills:
 + Level 3.7 Fighting
 * Level 2.6 Axes
 + Level 3.7 Armour
 + Level 3.7 Shields


You had 2 spell levels left.
You didn't know any spells.
Your spell library was empty.

Dungeon Overview and Level Annotations

Branches:
Dungeon (4/15)
 Temple: D:4-7

Altars:
Elyvilon
Gozag
Vehumet
Xom
Zin
The Shining One


Innate Abilities, Weirdness & Mutations

You are resistant to torment.
Your stone body is resilient. (AC +3)
You are immune to poison.
You resist negative energy. (rN+)
You are resistant to electric shocks. (rElec)
You can survive without breathing.
You are immune to petrification.
You are immune to rotting.


Message History

You closely miss the orc wizard.
The orc wizard is almost dead.
The orc wizard hits you but does no damage. x2
You hit the orc wizard but do no damage.
The orc wizard is almost dead.
The orc wizard gestures wildly while chanting.
The orc wizard blinks!
An ogre comes into view. It is wielding a giant club.
The orc wizard points at you and mumbles some strange words.
The magic dart hits you!
You feel very mighty all of a sudden.
The orc wizard hits you but does no damage. x2
You slash the ogre!
The ogre is heavily wounded.
Your shield and scale mail prevent you from hitting the orc wizard.
You block the orc wizard's attack.
The orc wizard hits you but does no damage.
The ogre hits you with a giant club!!
Ouch! That really hurt!
You die...

#...# #...# #...#
#...#
#######...#####
#..............
#.......O......
#......@o......
#..............
#.###.#########
######.###.##..###
+.......#.........
#.......#....>....
#.......#.........
#.......#.........
#.......#.........


You could see an ogre and an orc wizard.

Vanquished Creatures
  An adder (D:2)
  A worm (D:2)
  A leopard gecko (D:3)
  3 orcs (D:4)
  2 giant cockroaches
  2 goblins (D:2)
  5 hobgoblins
  10 jackals
  A kobold (D:1)
  A bat (D:1)
  A frilled lizard (D:1)
  4 rats
32 creatures vanquished.

Notes
Turn   | Place    | Note
-------+----------+-------------------------------------------
     0 | D:1      | iamserjio the Gargoyle Fighter began the quest for the Orb.
     0 | D:1      | Reached XP level 1. HP: 14/14 MP: 1/1
    61 | D:1      | Reached XP level 2. HP: 19/19 MP: 2/2
   156 | D:2      | Reached XP level 3. HP: 23/23 MP: 3/3
   335 | D:2      | Found a glowing golden altar of the Shining One.
   335 | D:2      | Found a glowing silver altar of Zin.
   335 | D:2      | Found a white marble altar of Elyvilon.
   401 | D:3      | Found a radiant altar of Vehumet.
   460 | D:4      | Found a shimmering altar of Xom.
   471 | D:4      | Found an opulent altar of Gozag.
   530 | D:4      | Noticed an ogre
   534 | D:4      | Slain by an ogre

Vault maps used:
D:1:      minmay_arrival_doors
D:2:      good_gods_mini_temple
D:3:      vehumet_crystals
D:4:      nicolae_overflow_hidden_temple, lemuel_coloured_pillars_altar,
          ashenzari_conservatory_becter, xom_teletrap_fun, grunt_gozag_statues,
          temple_statues, serial_shops, shop

Skill      XL: |  1 |
---------------+----+-----
Axes           | 2 |  2.6
Fighting       | |  3.7
Armour         | |  3.7
Shields        | |  3.7

Action                   || total
-------------------------++-------
Melee: War axe           ||   105
  Use: Potion            ||     1
Armor: Scale mail        ||    70
Dodge: Dodged            ||    37
Block: Shield            ||    49

Table legend:
 A = Spawn XP
 B = Non-spawn XP
 C = Spawn XP percentage of total XP
 D = Spawn monster count
 E = Non-spawn monster count
 F = Spawn count percentage of total count
 G = Total turns spent on level
                    A         B        C        D         E        F      G
               +---------+---------+-------+---------+---------+-------+---------
         Total |       0 |      76 |   0.0 |       0 |      32 |   0.0 |   534
               +---------+---------+-------+---------+---------+-------+---------
           D:1 |       0 |      13 |   0.0 |       0 |       8 |   0.0 |    84
           D:2 |       0 |      46 |   0.0 |       0 |      17 |   0.0 |   316
           D:3 |       0 |       4 |   0.0 |       0 |       2 |   0.0 |    43
           D:4 |       0 |      13 |   0.0 |       0 |       5 |   0.0 |    91
               +---------+---------+-------+---------+---------+-------+---------
